 Dungeon Crawl Stone Soup version 0.16-a0-3265-g401194c (webtiles) character file.

201 FishServ the Spear-Bearer (level 5, -4/41 HPs)
             Began as a Merfolk Gladiator on Dec 23, 2014.
             Slain by an ogre
             ... wielding a +0 giant spiked club
              (26 damage)
             ... on level 5 of the Dungeon.
             The game lasted 00:07:33 (1543 turns).

FishServ the Spear-Bearer (Merfolk Gladiator)       Turns: 1543, Time: 00:07:33

Health: -4/41      AC:  4    Str: 15    XL:     5   Next: 79%
Magic:  5/5        EV: 14    Int:  7    God:
Gold:   139        SH:  0    Dex: 16    Spells: 0 memorised, 4 levels left

rFire  . . .     SeeInvis .     a - +0 trident
rCold  . . .     Clarity  .     b - +0 leather armour
rNeg   . . .     SustAb   .     (no shield)
rPois  .         Gourm    .     n - +0 helmet
rElec  .         Spirit   .     (no cloak)
rCorr  .         Warding  .     (no gloves)
rMut   .         Stasis   .     (no boots)
MR     .....                    (no amulet)
Stlth  +.........               (no ring)
                                i - ring of invisibility

@: not resistant to hostile enchantments, very unstealthy
A: change form in water, swift swim
a: Evoke Invisibility


You were on level 5 of the Dungeon.
You were not hungry.

You visited 1 branch of the dungeon, and saw 5 of its levels.

You collected 139 gold pieces.

Inventory:

Hand weapons
 a - a +0 trident (weapon)
 g - the -2 dagger "Cosinija" {pierce, Int-1}
   (You found it on level 4 of the Dungeon)

   It inflicts extra damage upon your enemies.
   It affects your intelligence (-1).
Missiles
 c - 46 poisoned needles
 h - 55 stones (quivered)
Armour
 b - a +0 leather armour (worn)
 n - a +0 helmet (worn)
Jewellery
 i - a ring of invisibility (left hand)
Scrolls
 j - a scroll of blinking {unknown}
 o - a scroll of identify
 r - a scroll of remove curse {unknown}
 s - a scroll of amnesia {unknown}
 u - a scroll of recharging {unknown}
Potions
 e - 3 potions of magic
Books
 m - a book of Annihilations {highlevel}

   This book is beyond your current level of understanding.

   Spells                             Type                      Level
   a - Poison Arrow                   Conjuration/Poison           6
   b - Chain Lightning                Conjuration/Air              8
   c - Lehudib's Crystal Spear        Conjuration/Earth            8
   d - Glaciate                       Conjuration/Ice              9
   e - Fire Storm                     Conjuration/Fire             9
 t - a book of Dreams

   Spells                             Type                      Level
   a - Ensorcelled Hibernation        Hexes/Ice                    2
   b - Flight                         Charms/Air                   3
   c - Phase Shift                    Translocation                5
   d - Shadow Creatures               Summoning                    5
   e - Mass Confusion                 Hexes                        6
   f - Darkness                       Hexes                        7
Comestibles
 f - 3 bread rations
 k - a beef jerky
 l - 2 chunks of flesh
 q - a slice of pizza


   Skills:
 + Level 3.5 Fighting
 - Level 8.3 Polearms
 - Level 2.0 Throwing
 - Level 4.0 Dodging


You had 4 spell levels left.
You didn't know any spells.

Dungeon Overview and Level Annotations

Branches:
Dungeon (5/15)             Temple (0/1) D:5

Altars:

Annotations:
D:3 Terence
D:4 exclusion: downstairs
D:5 Pikel, Prince Ribbit


Message History

You hit the ogre.
The ogre is severely wounded.
The ogre barely misses you.
You barely miss the ogre.
The ogre is severely wounded.
The ogre closely misses you.
You barely miss the ogre.
The ogre is severely wounded.
You hit the ogre.
The ogre is severely wounded.
You feel sick.
You are no longer poisoned.
The ogre misses you.
You barely miss the ogre.
The ogre is severely wounded.
You hit the ogre but do no damage.
The ogre is severely wounded.
The ogre hits you with a giant spiked club!!
Ouch! That really hurt!
You die...

##########
#........###
#.#...#....# ###
##..#.#.....#
#.###....>.....†#
#.......#.#..†<.#
#.#.##.#...#....#
#.#.##............
#@#...............
#O#..............#
#S#.##........#.##
#.#.###...##..#.#
#.#.# #..##..#.#
#.#.# #..#.# ...[.
... #.. ...


You could see an ogre and an adder.

Vanquished Creatures
  An iguana (D:4)
  A giant frog skeleton (D:4)
  2 worker ants
  2 adders (D:3)
  2 giant mites
  2 worms
  An ooze (D:1)
  A ball python (D:4)
  A giant cockroach (D:1)
  9 goblins
  4 hobgoblins
  9 kobolds
  3 quokkas
  5 bats
  7 giant newts
  6 jackals (D:1)
  8 rats
64 creatures vanquished.

Notes
Turn   | Place    | Note
--------------------------------------------------------------
     0 | D:1      | FishServ, the Merfolk Gladiator, began the quest for the Orb.
     0 | D:1      | Reached XP level 1. HP: 16/16 MP: 1/1
    96 | D:1      | Reached skill level 5 in Polearms
    98 | D:1      | Reached XP level 2. HP: 16/22 MP: 2/2
   397 | D:1      | Reached skill level 6 in Polearms
   397 | D:1      | Reached XP level 3. HP: 22/27 MP: 3/3
   723 | D:3      | Reached XP level 4. HP: 33/33 MP: 4/4
   743 | D:3      | Reached skill level 7 in Polearms
   878 | D:4      | HP: 1/33 [giant frog skeleton (2)]
  1170 | D:3      | Noticed Terence
  1212 | D:4      | Reached skill level 8 in Polearms
  1212 | D:4      | Reached XP level 5. HP: 38/38 MP: 5/5
  1268 | D:5      | Entered Level 5 of the Dungeon
  1268 | D:5      | Noticed Prince Ribbit
  1268 | D:5      | Noticed Pikel
  1268 | D:5      | Noticed a slave
  1268 | D:5      | Noticed a sky beast
  1293 | D:4      | Got a translucent dagger
  1294 | D:4      | Identified the cursed -2 dagger "Cosinija" {pierce, Int-1} (You found it on level 4 of the Dungeon)
  1355 | D:5      | Found a staircase to the Ecumenical Temple.
  1530 | D:5      | Noticed an ogre
  1543 | D:5      | Slain by an ogre

Action                   |  1- 3 |  4- 6 || total
-------------------------+-------+-------++-------
Melee: Trident           |   117 |   110 ||   227
Throw: Throwing net      |       |     4 ||     4
  Use: Scroll            |     3 |     4 ||     7
       Potion            |       |     2 ||     2
 Stab: Sleeping          |     2 |     1 ||     3
       Held in net/web   |       |     1 ||     1
  Eat: Chunk             |       |     2 ||     2
